 Dungeon Crawl Stone Soup version 0.28-a0-268-g3f656e82c2 (webtiles) character file.

Game seed: 1596823026372726374

242 Malachi the Ducker (level 6, -18/43 HPs)
             Began as an Octopode Fighter on Aug 28, 2021.
             Was a Priest of Zin.
             Demolished by Menkaure (19 damage)
             ... on level 4 of the Dungeon.
             The game lasted 00:04:30 (4889 turns).

Malachi the Ducker (Octopode Fighter)               Turns: 4889, Time: 00:04:30

Health: -18/43     AC:  1    Str: 13    XL:     6   Next: 9%
Magic:  7/7        EV: 11    Int: 13    God:    Zin [***...]
Gold:   103        SH: 10    Dex: 11    Spells: 5/5 levels left

rFire   . . .      SeeInvis .   a - +0 long sword (flame)
rCold   . . .      Faith    +   b - +2 kite shield
rNeg    . . .      Spirit   .   (helmet restricted)
rPois   .          Reflect  .   k - amulet of faith
rElec   .          Harm     .   (no ring)
rCorr   .          Rampage  .   (no ring)
Will    .....                   (no ring)
Stlth   +++.......              (no ring)
HPRegen 0.14/turn               (no ring)
MPRegen 0.10/turn               (no ring)
                                (no ring)
                                (no ring)

@: reciting
A: almost no armour, amphibious, 8 rings, camouflage 1, gelatinous body 1,
(nimble swimmer 1), tentacles, weak 1
a: Renounce Religion, Recite, Vitalisation, Imprison, Donate Gold


You were on level 4 of the Dungeon.
You worshipped Zin.
Zin was most pleased with you.
You visited 1 branch of the dungeon, and saw 4 of its levels.

You collected 170 gold pieces.
You spent 50 gold pieces at shops.
You donated 17 gold pieces to Zin.

Inventory:

Hand Weapons
 a - a +0 long sword of flaming (weapon)
Armour
 b - a +2 kite shield (worn)
Jewellery
 c - a +6 ring of strength
 k - an amulet of faith (around mantle)
Scrolls
 d - a scroll of fear
Potions
 f - a potion of flight
 j - 2 potions of magic


   Skills:
 + Level 3.7 Fighting
 + Level 3.2 Long Blades
 + Level 3.9 Dodging
 + Level 3.2 Stealth
 + Level 3.8 Shields
 * Level 1.7 Invocations


You had 5 spell levels left.
You didn't know any spells.
Your spell library was empty.

Dungeon Overview and Level Annotations

Branches:
Dungeon (4/15)
 Temple: D:4-7

Altars:
Hepliaklqana
Kikubaaqudgha
Uskayaw
Vehumet
Zin

Shops:
D:4 *

Annotations:
D:4 Menkaure


Innate Abilities, Weirdness & Mutations

You cannot wear most types of armour.
You are amphibious.
You can wear up to eight rings at the same time.
Your skin changes colour to match your surroundings (Stealth+).
Your rubbery body absorbs attacks. (AC +1, EV +1)
((You are camouflaged near water. (Stealth+)))
You have tentacles for arms and can constrict up to eight enemies at once.
You are weak. (Str -2)


Message History

You see here a +0 pair of gloves.
You pay a tithe of 1 gold.
You can now call upon Zin to imprison the lawless.
You now have 103 gold pieces (gained 4).
Menkaure, Prince of Dust comes into view.
Menkaure shouts!
Menkaure is nearby!
You aren't carrying any items that you can evoke.
Okay, then.
You see here 13 gold pieces.
Menkaure calls on the powers of darkness!
Your body is wracked with pain!
Menkaure mumbles some strange words.
Menkaure seems to speed up.
You hit Menkaure. You burn Menkaure. Your grab misses Menkaure.
Menkaure is lightly damaged.
Menkaure barely misses you. You block Menkaure's attack.
You hit Menkaure. You burn Menkaure. You grab Menkaure.
Menkaure is moderately damaged.
You constrict Menkaure, but do no damage.
You block Menkaure's attack.
Menkaure shouts, "Why can't you leave me to my rest?"
Menkaure hits you!
You hit Menkaure. You burn Menkaure.
Menkaure is heavily damaged.
You constrict Menkaure.
Menkaure points at you and mumbles some strange words.
Pain shoots through your body!
* * * LOW HITPOINT WARNING * * *
Menkaure calls on the powers of darkness!
You feel a surge of unholy energy.
You hit Menkaure but do no damage.
Menkaure is severely damaged.
You constrict Menkaure. You block Menkaure's attack.
Menkaure completely misses you.
Unknown command.
You clear your throat and prepare to recite. "And Zin, furious at their doubt, held..."
You constrict Menkaure. Menkaure hits you!!
You die...

............#######.#######
..........................>
#####.#.#...###############
......#.#...# .###..#.#####
..<#..#.# ########
#..#..#+####......#
...#.........$....######
...#.........$..@M......
.#.#..........$.........
........................
###...#.###.............
......#.# #....#########
###.#.#.# #....# ......#.#
#....# ###.###.# #....#
#..##.# ###


You could see Menkaure (fast).

Vanquished Creatures
  An ogre (D:4)
  An iguana (D:4)
  A howler monkey skeleton (D:4)
  2 adders
  2 worms
  7 orcs (D:3)
  5 endoplasms
  6 giant cockroaches
  7 goblins
  7 hobgoblins
  11 jackals
  4 kobolds
  6 quokkas
  9 ball pythons
  5 bats
  5 frilled lizards
  5 rats
84 creatures vanquished.

Notes
Turn   | Place    | Note
-------+----------+-------------------------------------------
     0 | D:1      | Malachi the Octopode Fighter began the quest for the Orb.
     0 | D:1      | Reached XP level 1. HP: 16/16 MP: 1/1
   102 | D:1      | Reached XP level 2. HP: 12/21 MP: 2/2
   665 | D:1      | Reached XP level 3. HP: 26/26 MP: 3/3
  1293 | D:1      | Reached skill level 1 in Stealth
  2339 | D:2      | Reached XP level 4. HP: 26/31 MP: 4/4
  2639 | D:2      | Found a faded altar of an unknown god.
  2661 | D:2      | Found a radiant altar of Vehumet.
  2772 | D:2      | Became a worshipper of Zin the Law-Giver
  2772 | D:2      | Reached * piety under Zin
  3009 | D:3      | Found a hide-covered altar of Uskayaw.
  3052 | D:3      | Found an ancient bone altar of Kikubaaqudgha.
  3097 | D:3      | Found a hazy altar of Hepliaklqana.
  3278 | D:3      | Reached ** piety under Zin
  3396 | D:3      | Gained mutation: You are weak. (Str -2) [potion of
                  | mutation]
  3400 | D:3      | HP: 1/31 [adder (4)]
  3403 | D:3      | Reached XP level 5. HP: 1/36 MP: 2/5
  4193 | D:4      | Reached skill level 1 in Invocations
  4472 | D:4      | Found Kyiz's General Store.
  4475 | D:4      | Bought a potion of heal wounds for 50 gold pieces
  4534 | D:4      | Noticed an ogre
  4545 | D:4      | Killed an ogre
  4546 | D:4      | Reached XP level 6. HP: 19/43 MP: 5/7
  4790 | D:4      | Reached *** piety under Zin
  4880 | D:4      | Noticed Menkaure
  4887 | D:4      | HP: 1/43 [Menkaure/nerve-wracking pain (14)]
  4889 | D:4      | Demolished by Menkaure

Illustrated notes

Levels and vault maps discovered:
D:1:      dpeg_arrival_round_a, layout_loops_ring, item_on_display_a
D:2:      layout_basic, basic_altar, hellmonk_ecumenical_altar_inner_sanctum
D:3:      layout_loops_cross, lemuel_round_altar, grunt_temple_overflow_open
D:4:      layout_basic, serial_shops, kennysheep_mini, shop, shop,
          nicolae_diamond_shop, kennysheep_mini_moat, uniq_menkaure

Skill      XL: |  1  2  3  4  5 |
---------------+----------------+-----
Stealth        | 1 2 3 |  3.2
Invocations    | 1 |  1.7
Long Blades    | 3 |  3.2
Fighting       | |  3.7
Dodging        | |  3.9
Shields        | |  3.8

Action                   |  1- 3 |  4- 6 || total
-------------------------+-------+-------++-------
Melee: Long sword        |    91 |    80 ||   171
       Constrict         |    24 |    16 ||    40
       Tentacles         |    11 |    14 ||    25
Invok: Vitalisation      |       |     1 ||     1
       Recite            |       |     1 ||     1
  Use: Scroll            |       |     9 ||     9
       Potion            |       |     5 ||     5
 Stab: Sleeping          |     8 |     7 ||    15
Armor: Skin              |    13 |     5 ||    18
Dodge: Dodged            |    59 |    39 ||    98
Block: Kite shield       |    61 |    46 ||   107

Table legend: (Time is in decaauts)
 A = Elapsed time spent in this place.
 B = Non-inter-level travel time spent in this place.
 C = Inter-level travel time spent in this place.
 D = Time resting spent in this place.
 E = Time spent auto-exploring this place.
 F = Levels seen in this place.
 G = Mean time per level.
                   A        B        C        D        E       F      G
               +--------+--------+--------+--------+--------+-----+--------+
         Total |   4975 |   4812 |    163 |   1376 |   2827 |   4 | 1243.8 |
       Dungeon |   4975 |   4812 |    163 |   1376 |   2827 |   4 | 1243.8 |
               +--------+--------+--------+--------+--------+-----+--------+

Top non-repeatable levels by time:
     D:2: 1521 daAuts
     D:1: 1446 daAuts
     D:3: 1032 daAuts
     D:4: 974 daAuts
